 Dungeon Crawl Stone Soup version 0.21.1-1-g345015f (webtiles) character file.

34545 grindst0ne the Blocker (level 13, -15/105 HPs)
             Began as a Demonspawn Gladiator on Mar 6, 2018.
             Was a High Priest of Makhleb.
             Demolished by an elephant (24 damage)
             ... on level 6 of the Lair of Beasts.
             The game lasted 00:35:43 (17527 turns).

grindst0ne the Blocker (Demonspawn Gladiator)      Turns: 17527, Time: 00:35:45

Health: -15/105    AC: 15    Str: 25    XL:     13   Next: 42%
Magic:  0/21       EV:  5    Int: 14    God:    Makhleb [*****.]
Gold:   1356       SH:  0    Dex: 14    Spells: 6/12 levels left

rFire    . . .     SeeInvis +   A - +0 broad axe
rCold    . . .     Gourm    .   y - +0 large shield
rNeg     . . .     Faith    .   G - +3 plate armour
rPois    .         Spirit   +   (helmet unavailable)
rElec    .         Reflect  .   w - +0 cloak
rCorr    .         Harm     .   (no gloves)
MR       .....                  (no boots)
Stlth    ..........             (no amulet)
HPRegen  0.27/turn              o - ring of wizardry
MPRegen  0.17/turn              i - +4 ring of strength

@: mighty, about to teleport, sleeping
A: antennae 3, claws 1, hooves 2, powered by death 1, magic shield
a: Minor Destruction, Lesser Servant of Makhleb, Major Destruction, Greater
Servant of Makhleb, Renounce Religion


You were on level 6 of the Lair of Beasts.
You worshipped Makhleb.
Makhleb was extremely pleased with you.
You were not hungry.

You visited 3 branches of the dungeon, and saw 18 of its levels.
You also visited: Bailey.

You collected 1356 gold pieces.

Inventory:

Hand Weapons
 a - a +2 whip of flaming
 A - a +0 broad axe (weapon)
Missiles
 d - 2 throwing nets
 g - 32 tomahawks of returning (quivered)
 C - 5 poisoned tomahawks
Armour
 e - a +1 pair of boots
 w - a +0 cloak (worn)
 y - a +0 large shield (worn)
 G - a +3 plate armour (worn)
Jewellery
 i - a +4 ring of strength (right claw)
 o - a ring of wizardry (left claw)
 z - an uncursed ring of fire
 I - an uncursed ring of magical power
Wands
 v - a wand of paralysis (19)
 H - a wand of digging (8)
 K - a wand of acid (7)
 M - a wand of enslavement (8)
 O - a wand of disintegration (15)
 P - a wand of polymorph (6)
Scrolls
 h - 2 scrolls of magic mapping
 j - 5 scrolls of remove curse
 m - 2 scrolls of enchant armour
 p - 3 scrolls of blinking
 s - 3 scrolls of teleportation
 t - 2 scrolls of enchant weapon
 u - 9 scrolls of fog
 x - a scroll of holy word
 F - 3 scrolls of amnesia
 R - 3 scrolls of identify
Potions
 b - 4 potions of lignification
 n - a potion of mutation
 q - 2 potions of flight
 B - 2 potions of haste
 D - 2 potions of brilliance
 E - 4 potions of cancellation
 Q - a potion of curing
Books
 c - the Guide on Toxic Transmigration
   (You found it on level 5 of the Lair of Beasts)

   Spells                             Type                      Level
   a - Beastly Appendage              Transmutation                1
   b - Olgreb's Toxic Radiance        Poison                       4
   c - Venom Bolt                     Conjuration/Poison           5
   d - Blade Hands                    Transmutation                5
   e - Alistair's Intoxication        Transmutation/Poison         5
 l - a book of Changes

   Spells                             Type                      Level
   a - Beastly Appendage              Transmutation                1
   b - Sticks to Snakes               Transmutation                2
   c - Spider Form                    Transmutation/Poison         3
   d - Ice Form                       Ice/Transmutation            4
   e - Blade Hands                    Transmutation                5
 J - the Volume of Supportive Displacement
   (You found it on level 1 of the Lair of Beasts)

   Spells                             Type                      Level
   a - Apportation                    Translocation                1
   b - Blink                          Translocation                2
   c - Summon Lightning Spire         Summoning/Air                4
   d - Passage of Golubria            Translocation                4
   e - Dragon's Call                  Summoning                    9
 L - a book of Minor Magic

   Spells                             Type                      Level
   a - Magic Dart                     Conjuration                  1
   b - Blink                          Translocation                2
   c - Call Imp                       Summoning                    2
   d - Slow                           Hexes                        2
   e - Conjure Flame                  Conjuration/Fire             3
   f - Mephitic Cloud                 Conjuration/Poison/Air       3
 N - a book of Conjurations

   Spells                             Type                      Level
   a - Magic Dart                     Conjuration                  1
   b - Searing Ray                    Conjuration                  2
   c - Dazzling Spray                 Conjuration/Hexes            3
   d - Fulminant Prism                Conjuration/Hexes            4
   e - Force Lance                    Conjuration/Translocation    4
   f - Iskenderun's Mystic Blast      Conjuration                  4
Comestibles
 f - 33 rations
 S - 5 chunks of flesh


   Skills:
 + Level 10.9 Fighting
 + Level 10.2 Axes
 - Level 1.7 Throwing
 * Level 2.0 Armour
 - Level 2.6 Dodging
 * Level 12.3 Shields
 + Level 11.9 Invocations
 - Level 6.0 Evocations


You had 6 spell levels left.
You knew the following spells:

 Your Spells              Type           Power        Failure   Level  Hunger
a - Blink                 Tloc           N/A          100%        2    ###....
b - Passage of Golubria   Tloc           N/A          100%        4    #####..


Dungeon Overview and Level Annotations

Branches:
Dungeon (11/15)            Temple (1/1) D:5            Lair (6/6) D:8
  Swamp (0/4) Lair:4       Spider (0/4) Lair:4        Slime (0/5) Lair:5
    Orc (0/2) D:11

Altars:
Ashenzari
Cheibriados
Dithmenos
Elyvilon
Fedhas
Gozag
Hepliaklqana
Kikubaaqudgha
Makhleb
Nemelex Xobeh
Okawaru
Qazlal
Ru
Sif Muna
Trog
Uskayaw
Vehumet
Wu Jian
Xom
Yredelemnul
Zin
The Shining One
Jiyva

Shops:
D:10 [


Innate Abilities, Weirdness & Mutations

You have a pair of large antennae on your head. (SInv)
You have sharp fingernails.
You have hoof-like feet.
You regenerate a little health from kills.
When hurt, damage is shared between your health and your magic reserves.


Message History

The dream sheep ruffle their wool and motes of dream dust sparkle, to no effect.
The elephant tramples you!
* * * LOW HITPOINT WARNING * * *
You hold your ground!
The elephant trunk-slaps you but does no damage.
You block the elephant's attack. The elephant trunk-slaps you.
You block the elephant's attack. The elephant barely misses you.
You block the elephant's attack.
The elephant trunk-slaps you but does no damage.
A dream sheep comes into view.
You slash the elephant!
You kick the elephant, but do no damage.
The elephant is almost dead.
You slice the elephant!! You hit the elephant. You slash the elephant! x2
The elephant tramples you but does no damage.
You block the elephant's attack.
The dream sheep shake their wool and sparkle.
You feel drowsy...
You fall asleep.
The elephant tramples you!!
You die...

##
#.#.########
.....YY@Y..#
......YYY.P#
.......Y.%.#
..........##
.#.........#
##..#.Y...#
####..Y..#
#..Y...##
#.......#


You could see 5 elephants and 5 dream sheep.

Vanquished Creatures
  Gastronok (D:8)
  A hydra (D:11)
  A catoblepas (Lair:3)
  2 two-headed ogres
  Urug (D:10)
  2 unseen horrors
  The ghost of Anonimus the Shield-Bearer, a novice GnFi of Ashenzari (D:8)
  A cyclops (D:11)
  A necromancer (Lair:3)
  An orc knight (Bailey)
  2 oklob plants (Lair:3)
  2 elephants (Lair:5)
  3 black mambas
  A centaur skeleton (D:11)
  8 spiny frogs
  3 rime drakes (Lair:4)
  3 komodo dragons
  A hornet (D:11)
  14 blink frogs
  9 hippogriffs
  Sigmund (D:5)
  27 yaks
  3 basilisks
  9 wyverns
  A hungry ghost (D:11)
  3 hogs (D:7)
  Grum (Lair:1)
  A human (D:7)
  A steam dragon (D:11)
  6 swamp worms (Lair:4)
  4 water moccasins
  5 porcupines
  2 ice beasts
  8 orc warriors
  4 sky beasts
  2 phantoms
  2 black bears
  3 necrophages
  3 ogres
  6 wolves
  A centaur (D:5)
  8 crocodiles
  13 bullfrogs
  A big kobold (D:9)
  A wyvern zombie (D:6)
  4 scorpions
  3 killer bees (D:11)
  A vampire bat (Lair:1)
  8 wights
  2 electric eels
  9 howler monkeys
  5 crimson imps
  A bullfrog zombie (D:6)
  4 centaur zombies
  4 jellies
  6 hounds
  3 orc priests
  Crazy Yiuf (D:3)
  4 iguanas
  13 orc wizards
  6 worker ants
  2 yak simulacra (Lair:3)
  5 polar bear simulacra (Lair:3)
  3 wolf simulacra (Lair:3)
  2 hound skeletons
  A hound zombie (D:8)
  A worker ant zombie (D:5)
  7 gnolls
  10 adders
  2 shadow imps
  An adder skeleton (D:5)
  4 worms
  4 dart slugs
  4 leopard geckos
  51 orcs
  4 giant cockroaches
  7 goblins
  9 hobgoblins
  2 jackals (D:1)
  18 kobolds
  2 quokkas
  5 ball pythons
  14 bats
  A frilled lizard (D:4)
  A quokka skeleton (D:9)
  A quokka zombie (D:6)
  3 rats
  A river rat simulacrum (Lair:3)
  2 fungi
  A plant (Lair:3)
416 creatures vanquished.

Vanquished Creatures (collateral kills)
  A hydra (Lair:2)
  3 yaks (Lair:2)
4 creatures vanquished.

Vanquished Creatures (others)
  A rat (D:1)
  A bush (Lair:4)
  4 fungi
  11 plants
17 creatures vanquished.

Grand Total: 437 creatures vanquished

Notes
Turn   | Place    | Note
-------+----------+-------------------------------------------
     0 | D:1      | grindst0ne the Demonspawn Gladiator began the quest for the Orb.
     0 | D:1      | Reached XP level 1. HP: 16/16 MP: 1/1
   174 | D:1      | Gained mutation: When hurt, damage is shared between your health and your magic reserves. [demonic ancestry]
   174 | D:1      | Reached XP level 2. HP: 23/23 MP: 2/2
   989 | D:2      | Reached XP level 3. HP: 19/28 MP: 3/3
  1125 | D:2      | Found an opulent altar of Gozag.
  1129 | D:2      | Found a radiant altar of Vehumet.
  1439 | D:2      | Found a bloodstained altar of Trog.
  1704 | D:3      | Gained mutation: You have large cloven feet. [demonic ancestry]
  1704 | D:3      | Reached XP level 4. HP: 34/35 MP: 4/4
  1754 | D:3      | HP: 1/35 [something/magic dart (10)]
  1776 | D:3      | HP: 1/36 [something (2)]
  2262 | D:3      | Gained mutation: You regenerate a little health from kills. [demonic ancestry]
  2262 | D:3      | Reached XP level 5. HP: 42/42 MP: 5/5
  2488 | D:3      | Found a runed door.
  2650 | D:3      | Noticed Crazy Yiuf
  2653 | D:3      | Killed Crazy Yiuf
  3351 | D:4      | Reached XP level 6. HP: 49/49 MP: 6/6
  3941 | D:5      | Entered Level 5 of the Dungeon
  4000 | D:5      | Reached skill level 5 in Axes
  4022 | D:5      | Reached skill level 5 in Fighting
  4022 | D:5      | Reached skill level 1 in Shields
  4032 | D:5      | Found a glowing golden altar of the Shining One.
  4132 | D:5      | Reached skill level 2 in Shields
  4132 | D:5      | Gained mutation: You have a pair of small antennae on your head. [demonic ancestry]
  4132 | D:5      | Reached XP level 7. HP: 32/56 MP: 3/7
  4178 | D:5      | Reached skill level 3 in Shields
  4235 | D:5      | Found a staircase to the Ecumenical Temple.
  4377 | Temple   | Entered the Ecumenical Temple
  4403 | Temple   | Became a worshipper of Makhleb the Destroyer
  4510 | D:5      | Noticed Sigmund
  4520 | D:5      | Reached skill level 1 in Invocations
  4530 | D:5      | Killed Sigmund
  4530 | D:5      | Reached skill level 4 in Shields
  4530 | D:5      | Gained mutation: You have a pair of antennae on your head. [demonic ancestry]
  4530 | D:5      | Reached XP level 8. HP: 51/64 MP: 7/9
  5111 | D:5      | Reached skill level 5 in Shields
  5789 | D:6      | Reached * piety under Makhleb
  5917 | D:6      | Gained mutation: You have hoof-like feet. [demonic ancestry]
  5917 | D:6      | Reached XP level 9. HP: 69/71 MP: 12/12
  6171 | D:7      | Reached skill level 6 in Shields
  6319 | D:7      | Reached skill level 5 in Invocations
  6475 | D:7      | Found a snail-covered altar of Cheibriados.
  6495 | D:7      | Reached skill level 7 in Shields
  6733 | D:8      | Found a flagged portal.
  6741 | Bailey   | Entered a bailey
  6775 | Bailey   | Reached ** piety under Makhleb
  7067 | Bailey   | Noticed an orc knight
  7084 | Bailey   | Killed an orc knight
  7139 | Bailey   | Found a bloodstained altar of Trog.
  7148 | Bailey   | Got an ancient morningstar
  7155 | Bailey   | Identified the +4 morningstar of Temperance {crush, rF+ Int+3} (You found it in a bailey)
  7297 | D:8      | Found a stormy altar of Qazlal.
  7350 | D:8      | Reached XP level 10. HP: 71/80 MP: 12/14
  7400 | D:8      | You fall through a shaft for 3 floors!
  7400 | D:11     | Found a staircase to the Orcish Mines.
  7540 | D:11     | Noticed a two-headed ogre
  7544 | D:11     | Reached skill level 1 in Evocations
  7545 | D:11     | Killed a two-headed ogre
  7545 | D:11     | Reached skill level 8 in Shields
  7879 | D:11     | Reached *** piety under Makhleb
  8176 | D:11     | Noticed a five-headed hydra
  8182 | D:11     | Killed a seven-headed hydra
  8182 | D:11     | Reached skill level 9 in Shields
  8426 | D:11     | Gained mutation: You have sharp fingernails. [demonic ancestry]
  8426 | D:11     | Reached XP level 11. HP: 87/87 MP: 17/17
  8592 | D:11     | Killed an unseen horror
  8627 | D:10     | Entered Level 10 of the Dungeon
  8656 | D:10     | Found Rysuirph's Armour Boutique.
  8914 | D:9      | Reached **** piety under Makhleb
  9025 | D:8      | Found a staircase to the Lair.
  9025 | D:8      | Noticed Anonimus's ghost (novice GnFi)
  9030 | D:8      | Noticed Grum
  9038 | Lair:1   | Entered Level 1 of the Lair of Beasts
  9222 | Lair:1   | Killed Grum
  9274 | D:8      | Killed Anonimus's ghost
  9539 | D:8      | Noticed a two-headed ogre
  9544 | D:8      | Killed a two-headed ogre
  9631 | D:8      | Noticed Gastronok
  9673 | D:8      | Got a brightly glowing helmet
  9737 | D:8      | Killed Gastronok
  9737 | D:8      | Reached skill level 10 in Shields
 10810 | D:10     | Killed an unseen horror
 10810 | D:10     | Reached skill level 5 in Evocations
 10937 | D:10     | Found a shattered altar of Ashenzari.
 10937 | D:10     | Noticed Urug
 10951 | D:10     | Killed Urug
 11619 | Lair:1   | Identified the Volume of Supportive Displacement
 11681 | Lair:1   | Reached XP level 12. HP: 96/96 MP: 19/19
 12419 | Lair:2   | Reached skill level 10 in Invocations
 12495 | Lair:2   | Reached ***** piety under Makhleb
 12657 | Lair:2   | Noticed an eight-headed hydra
 12664 | Lair:2   | Killed an eight-headed hydra
 12982 | Lair:2   | Reached skill level 11 in Shields
 13005 | Lair:2   | Reached skill level 10 in Fighting
 14199 | Lair:3   | Learned a level 2 spell: Blink
 15191 | Lair:4   | Found a staircase to the Swamp.
 15345 | Lair:4   | Gained mutation: You have a pair of large antennae on your head. (SInv) [demonic ancestry]
 15345 | Lair:4   | Reached XP level 13. HP: 91/104 MP: 18/21
 15458 | Lair:4   | Reached skill level 10 in Axes
 15473 | Lair:4   | Reached skill level 12 in Shields
 16029 | Lair:4   | Found a basalt altar of Yredelemnul.
 16076 | Lair:4   | Found a hole to the Spider Nest.
 16083 | Lair:4   | Learned a level 4 spell: Passage of Golubria
 16450 | Lair:5   | Reached skill level 1 in Armour
 16538 | Lair:4   | HP: 5/105 [poisoned by a spiny frog]
 16543 | Lair:4   | HP: 4/105 [poisoned by a spiny frog]
 16548 | Lair:4   | HP: 3/105 [poisoned by a spiny frog]
 16556 | Lair:4   | HP: 3/105 [poisoned by a spiny frog]
 16564 | Lair:4   | HP: 3/105 [poisoned by a spiny frog]
 17157 | Lair:5   | Found a viscous altar of Jiyva.
 17158 | Lair:5   | Found a staircase to the Slime Pits.
 17326 | Lair:5   | Identified the Guide on Toxic Transmigration
 17416 | Lair:6   | Entered Level 6 of the Lair of Beasts
 17527 | Lair:6   | Demolished by an elephant

Skill      XL: |  1  2  3  4  5  6  7  8  9 10 11 12 13 |
---------------+----------------------------------------+-----
Axes           | 3 4 5 6 7 8 9 10 | 10.2
Fighting       | 3 4 5 6 7 8 9 10 | 10.9
Shields        | 2 4 5 7 9 10 11 12 | 12.3
Invocations    | 1 4 6 8 9 11 | 11.9
Evocations     | 3 5 6 |  6.0
Armour         | 2 |  2.0
Throwing       | |  1.7
Dodging        | |  2.6

Action                   |  1- 3 |  4- 6 |  7- 9 | 10-12 | 13-15 || total
-------------------------+-------+-------+-------+-------+-------++-------
Melee: War axe           |   111 |   151 |   464 |       |       ||   726
       Kick              |       |    47 |    54 |   339 |   100 ||   540
       Broad axe         |       |       |    38 |   956 |   255 ||  1249
Throw: Tomahawk          |     3 |     4 |    25 |       |       ||    32
       Throwing net      |     1 |       |     1 |       |       ||     2
Evoke: Wand              |       |       |     6 |    25 |       ||    31
  Use: Potion            |       |     6 |     4 |     3 |     3 ||    16
       Scroll            |       |     3 |     6 |    13 |     2 ||    24
 Stab: Paralysed         |       |       |       |    30 |       ||    30
       Petrifying        |       |       |       |     1 |       ||     1
  Eat: Chunk             |     3 |     8 |    11 |    27 |     8 ||    57
       Ration            |       |       |       |     1 |       ||     1
Armor: Leather armour    |    12 |       |       |       |       ||    12
       Chain mail        |    58 |    93 |       |       |       ||   151
       Plate armour      |       |    26 |   197 |   438 |   166 ||   827
Dodge: Dodged            |    65 |    62 |    34 |    97 |    38 ||   296
Block: Large shield      |       |    19 |   395 |   902 |   257 ||  1573
